 Dungeon Crawl Stone Soup version 0.30-a0-54-g2e61a25929 (webtiles) character file.

Game seed: 3823026183083819197

42 LnG the Trooper (level 3, -7/32 (33) HPs)
             Began as a Hill Orc Fighter on Sept 7, 2022.
             Mangled by Sigmund
             ... wielding a +0 scythe
              (8 damage)
             ... on level 2 of the Dungeon.
             The game lasted 00:01:40 (1180 turns).

LnG the Trooper (Hill Orc Fighter)                  Turns: 1180, Time: 00:01:40

HP:   -7/32 (33)    AC:  7    Str: 20    XL:     3   Next: 56%
MP:   3/3           EV:  5    Int:  8    God:
Gold: 44            SH: 12    Dex: 10    Spells: 2/2 levels left

rFire   . . .      SeeInvis .    a - +0 war axe
rCold   . . .      Faith    .    h - +0 tower shield
rNeg    . . .      Spirit   .    b - +0 scale mail
rPois   .          Reflect  .    (no helmet)
rElec   .          Harm     .    (no cloak)
rCorr   .          Rampage  .    (no gloves)
Will    .....                    (no boots)
Stlth   ..........               (no amulet)
HPRegen 0.10/turn                (no ring)
MPRegen 0.08/turn                (no ring)

@: mighty, lightly drained
A: no striking features
a: no special abilities


You were on level 2 of the Dungeon.
You visited 1 branch of the dungeon, and saw 2 of its levels.

You collected 44 gold pieces.

Inventory:

Hand Weapons
 a - a +0 war axe (weapon)
Armour
 b - a +0 scale mail (worn)
 c - a +0 buckler
 h - a +0 tower shield (worn)
Jewellery
 k - a ring of see invisible
Scrolls
 e - a scroll of teleportation {unknown}
 f - a scroll of immolation {unknown}
 g - a scroll of vulnerability {unknown}
 i - a scroll of torment {unknown}
 m - a scroll of identify {unknown}
Potions
 d - a potion of might
 j - a potion of flight {unknown}
 l - a potion of curing {unknown}
 n - 2 potions of brilliance {unknown}


   Skills:
 + Level 4.2 Fighting
 + Level 3.4 Axes
 + Level 3.7 Armour
 + Level 0.1 Dodging
 + Level 3.6 Shields


You had 2 spell levels left.
You didn't know any spells.
Your spell library contained the following spells:

 Spells                   Type           Power      Damage    Failure   Level
 Foxfire                  Conj/Fire      0%         2x1d4     100%        1
 Conjure Flame            Conj/Fire      0%         6-21      100%        3
 Inner Flame              Hex/Fire       0%         N/A       100%        3
 Flame Wave               Conj/Fire      0%         2d4       100%        4


Dungeon Overview and Level Annotations

Branches:
Dungeon (2/15)

Altars:

Annotations:
D:2 Sigmund


Message History

You block the bat's attack.
The quokka bites you but does no damage.
You block Sigmund's attack. The quokka bites you. You block the bat's attack.
You hit Sigmund.
Sigmund is heavily wounded.
You hit the bat.
You kill the bat!
You barely miss the quokka. You block the quokka's attack.
You block Sigmund's attack. The quokka bites you.
You closely miss Sigmund.
Sigmund is heavily wounded.
You closely miss the quokka. The quokka closely misses you.
Sigmund closely misses you. The quokka barely misses you.
You barely miss Sigmund.
Sigmund is heavily wounded.
You closely miss the quokka.
The quokka bites you but does no damage.
Sigmund hits you but does no damage. You block the quokka's attack.
You closely miss Sigmund.
Sigmund is heavily wounded.
You slash the quokka!
You kill the quokka!
Sigmund gestures wildly while chanting.
Sigmund flickers and vanishes!
Deactivating autopickup; reactivate with Ctrl-A.
You hear some strange, mumbled words.
A puff of flame appears from out of thin air!
The puff of flame hits you!
You miss something.
You hear some strange, mumbled words.
A puff of flame appears from out of thin air!
You block the puff of flame. Something hits you!
* * * LOW HITPOINT WARNING * * *
You miss something. Something hits you.
* * * LOW HITPOINT WARNING * * *
You slash something! Something hits you but does no damage.
You closely miss something. Something hits you.
* * * LOW HITPOINT WARNING * * *
You completely miss something. Something hits you!
You die...

#...............
###
#........._..#...
#......#.....#.##
#..............#
#........##..#.#
#............#.#
#.........##..
#........!#
#.#.@...#.#
#..{..### ..
#..#### .. #.# .
... .#.. . #.


There were no monsters in sight!

Vanquished Creatures
  3 dart slugs (D:1)
  2 endoplasms (D:1)
  2 goblins
  3 hobgoblins (D:1)
  7 jackals (D:1)
  2 quokkas
  3 ball pythons
  5 bats
  A frilled lizard (D:2)
  A kobold (D:1)
  4 rats (D:1)
33 creatures vanquished.

Notes
Turn   | Place    | Note
-------+----------+-------------------------------------------
     0 | D:1      | LnG the Hill Orc Fighter began the quest for the Orb.
     0 | D:1      | Reached XP level 1. HP: 19/19 MP: 1/1
   213 | D:1      | Reached XP level 2. HP: 16/27 MP: 2/2
   219 | D:1      | Reached skill level 4 in Fighting
   604 | D:1      | Reached XP level 3. HP: 32/33 MP: 3/3
  1147 | D:2      | Found a faded altar of an unknown god.
  1165 | D:2      | Noticed Sigmund
  1179 | D:2      | HP: 1/32 [something (5)]
  1180 | D:2      | Mangled by Sigmund

Illustrated notes

Levels and vault maps discovered:
D:1:      dpeg_arrival_pits, layout_loops_corners, hangedman_decor_slide_cut
D:2:      layout_rooms, ebering_ecumenical_altar_sacrificial,
          roderic_roman_lattice, uniq_terence, uniq_sigmund,
          uniq_crazy_yiuf_cottage

Skill      XL: |  1  2 |
---------------+-------+-----
Fighting       | 4 |  4.2
Axes           | 3 |  3.4
Armour         | |  3.7
Dodging        | |  0.1
Shields        | |  3.6

Action                   || total
-------------------------++-------
Melee: War axe           ||    73
  Use: Potion            ||     1
Armor: Scale mail        ||    49
Dodge: Dodged            ||    17
Block: Tower shield      ||    57

Table legend: (Time is in decaauts)
 A = Elapsed time spent in this place.
 B = Non-inter-level travel time spent in this place.
 C = Inter-level travel time spent in this place.
 D = Time resting spent in this place.
 E = Time spent auto-exploring this place.
 F = Levels seen in this place.
 G = Mean time per level.
                   A        B        C        D        E       F      G
               +--------+--------+--------+--------+--------+-----+--------+
         Total |   1231 |   1221 |     10 |     54 |    937 |   2 |  615.5 |
       Dungeon |   1231 |   1221 |     10 |     54 |    937 |   2 |  615.5 |
               +--------+--------+--------+--------+--------+-----+--------+

Top non-repeatable levels by time:
     D:1: 1082 daAuts
     D:2: 149 daAuts
